Unix NetHack Version 5.0.0-0 post-release - last build May 31 2026 23:59:36 (970b52f25bf058293b47ddfd14a1e40e571c508c,branch:main).

Game began 2026-06-01 18:41:26, ended 2026-06-01 22:19:49.

Eymerich, chaotic male elven Priest

                                         ----
                                        --..|     -------
                                        |...--    |.....|....
              -0-                       |.*..--   |.--........
             .....                      |.....|   |.|---.......--     |..
            -..(..                 ------..^.--   |.|  |........--   --..--
        ..|...>....--             --.........|   --.|  --.--...g@..  |......
      -.............---           |..-----..------..|      --..f@..  |....-
     -.................-          |.--   |.-- |....--       |-.|..----..|.--
     ..................--         -.--   |.|  |.----   ------..| --....--..-
     -..........--......---    ---...|.--|.|  |.|     --.......| |..----[....
      --....|..  -....)....    |........-|.| --.|     |..[.....---.--  0.*<..
       --.----   .....)....-- --..---....|.| |..|     |-...........|   ......
        ---       .---).....---...---....|.| |.--     |...--...--..|    ..).
                     |)(...........|...--|.| |.|      --.-- -.-----
                     |.......---....^.-  |.---.|       ---
                     |.......   --....|  |.....|
                                 |..---  ---...|
                                           --.--
                                            ---
Eymerich the Adept           St:25 Dx:13 Co:16 In:8 Wi:16 Ch:13  Chaotic
Dlvl:8  $:105 HP:0(79) Pw:125(125) AC:-2 Xp:9 T:14667  Satiated Burdened

Latest messages:
 You hear some noises.
 You hear some noises in the distance.
 The housecat suddenly disappears!
 You notice a dog smell.
 A foul stench makes you feel a little nauseated.
 You hear some noises in the distance.
 You smell a dragon!
 The giant bat bites!
 The giant bat bites!
 You hit the giant bat!
 The giant bat bites!
 The giant bat bites!
 You secure the tether.
 t - a blessed aklys (tethered to right hand).
 y - a bow (alternate weapon; not wielded).
 The giant bat bites!
 The giant bat bites!
 The giant bat misses!
 The giant bat bites!
 The giant bat misses!
 The giant bat misses!
 The giant bat misses!
 You kill the giant bat!
 The gargoyle hits!
 The gargoyle hits again!
 The gargoyle misses!
 The gargoyle hits!
 The gargoyle misses!
 The gargoyle bites!
 The gargoyle hits!
 The gargoyle misses!
 The gargoyle bites!
 You hear some noises.
 The Grey-elf wields an elven broadsword!
 The large cat misses the gargoyle.
 The gargoyle hits!
 The gargoyle hits again!
 The gargoyle bites!
 You stop.  Your large cat is in the way!
 The large cat misses the gargoyle.
 The gargoyle hits!
 The gargoyle misses!
 The gargoyle misses!
 What do you want to zap? [ju-xNX or ?*]
 Nothing happens.
 The large cat misses the gargoyle.
 The gargoyle hits!
 The gargoyle hits again!
 You die...
 Do you want your possessions identified? [ynq] (y)

Inventory:
 Coins    ('$')
  $ - 105 gold pieces
 Weapons  (')')
  Z - 13 +0 arrows
  y - a +2 bow (alternate weapon; not wielded)
  G - 89 +0 darts (at the ready)
  t - a blessed +2 aklys (tethered to right hand)
 Armor    ('[')
  V - a blessed +1 orcish helm (being worn)
  M - a blessed +2 pair of gauntlets of power (being worn)
  c - a +0 pair of high boots (being worn)
  b - a +0 robe
  h - a +0 elven mithril-coat (being worn)
 Comestibles  ('%')
  n - a slime mold
  s - a C-ration
  e - 2 cloves of garlic
  r - 3 food rations
  C - a fortune cookie
  f - a sprig of wolfsbane
  O - a lichen corpse
  F - a lizard corpse
  P - 2 lizard corpses
 Scrolls  ('?')
  A - a scroll of amnesia
  a - a scroll of confuse monster
  q - 3 scrolls of create monster
  D - a scroll of enchant weapon
  p - a scroll of teleportation
 Potions  ('!')
  Q - 2 blessed potions of extra healing
  R - a potion of fruit juice
  L - 2 potions of healing
  I - a potion of restore ability
  S - a potion of see invisible
  d - 4 potions of holy water
 Rings    ('=')
  l - a blessed +1 ring of gain constitution
  m - a ring of invisibility
  W - a ring of levitation
  Y - a ring of regeneration
  k - a ring of searching
  T - a ring of teleport control
 Wands    ('/')
  w - a wand of digging (0:6)
  j - a wand of digging (0:5)
  X - a wand of enlightenment (0:11)
  N - a wand of magic missile (0:4)
  v - a wand of slow monster (0:6)
  x - a wand of striking (0:0)
  u - a wand of teleportation (0:8)
 Tools    ('(')
  i - a bugle
  B - a mirror
  K - a blessed oil lamp
  J - a +0 pick-axe
  H - a skeleton key
  z - a towel
  o - a +0 unicorn horn
  U - 5 wax candles
 Gems/Stones  ('*')
  g - a worthless piece of yellow glass named soft
  E - a luckstone

Eymerich the Priest's attributes:

Background:
 You were an Adept, a level 9 elven Priest.
 You were chaotic, on a mission for Susanowo
 who was opposed by Amaterasu Omikami (lawful) and Raijin (neutral).
 You were right-handed.
 You were in the Gnomish Mines, on level 8.
 You entered the dungeon 14667 turns ago.
 It was nighttime.
 There was a full moon in effect when your adventure ended.
 You had 4988 experience points, 132 more were needed to attain level 10.

Basics:
 You had 0 out of 79 hit points.
 You had all 125 energy points (spell power).
 Your armor class was -2.
 Your wallet contained 105 zorkmids.
 Autopickup was off.

Final Characteristics:
 Your strength was 25 (base:10, peak:11, innate limit:18).
 Your dexterity was 13 (peak:14, limit:18).
 Your constitution was 16 (limit:16).
 Your intelligence was 8 (limit:20).
 Your wisdom was 16 (limit:20).
 Your charisma was 13 (limit:18).

Final Status:
 You were satiated.
 You were burdened; movement was slightly slowed.
 You were wielding a club.
 You had basic skill with club.

Final Attributes:
 You were piously aligned.
 You were fire resistant.
 You were cold resistant.
 You were sleep resistant.
 You were poison resistant.
 You were telepathic.
 You had infravision.
 You were guarded.
 Your spell casting was impaired by metallic armor.
 You were lucky.
 You had extra luck.
 Bad luck did not time out for you.
 Good luck did not time out for you.
 You are dead.

Miscellaneous:
 You didn't encounter any bones levels.
 Total elapsed playing time was 3 hours, 6 minutes and 42 seconds.

Major events:
 Turn
    1: Eymerich the chaotic elven Priest entered the dungeon
  914: attained the rank of Acolyte (level 3)
 1427: entered the Gnomish Mines
 3913: attained the rank of Adept (level 6)
 6414: entered Sokoban
12953: reached Mine Town
13085: read a Discworld novel
14667: killed by a gargoyle

Spells:
 Name                 Level Category     Fail Retention
 light                  1   clerical     100%   21%-30%
 detect unseen          3   divination   100%   26%-50%

Skills:
 Fighting Skills
   bare handed combat [Unskilled]
 Weapon Skills
   club               [Basic]
   mace               [Expert]
   morning star       [Unskilled]
   flail              [Unskilled]
   hammer             [Unskilled]
   quarterstaff       [Unskilled]
   polearms           [Unskilled]
   spear              [Unskilled]
   trident            [Unskilled]
   lance              [Unskilled]
   bow                [Basic]
   sling              [Unskilled]
   crossbow           [Unskilled]
   dart               [Basic]
   shuriken           [Unskilled]
   boomerang          [Unskilled]
   unicorn horn       [Unskilled]
 Spellcasting Skills
   healing spells     [Unskilled]
   divination spells  [Unskilled]
   clerical spells    [Basic]

Voluntary challenges:
 Character rerolling was not enabled.
 You never genocided any monsters.
 You never polymorphed an object.
 You used no wishes.
 You did not violate any of the special Sokoban rules.
Achievements:
 You entered a shop.
 You attained the rank of Acolyte.
 You entered the Gnomish Mines.
 You attained the rank of Adept.
 You entered Sokoban.
 You entered Minetown.
 You read from a Discworld novel.

 The Dungeons of Doom: levels 1 to 10
    Level 1: "vault"
       A fountain.
    Level 2:
       An armor shop, a fountain, a sink.
    Level 3: "vault, box 11 items"
       A ring shop, an altar, a grave.
       Stairs down to The Gnomish Mines.
    Level 4: "vault (found)"
       An altar to Susanowo, many fountains, a grave.
    Level 5:
    Level 6:
       Many fountains.
       Oracle of Delphi.
    Level 7:
       A fountain.
       Stairs up to Sokoban, level 6.
    Level 8:
       A potion shop.
    Level 9:
    Level 10: "box 18 items"
       An altar, a fountain.
 The Gnomish Mines: levels 4 to 9
    Level 4:
    Level 5:
    Level 6:
    Level 7:
       Many shops, an altar to Susanowo, some fountains.
    Level 8: <- You were here.
       Final resting place for
          you, killed by a gargoyle.
    Level 9:
 Sokoban:
    Level 6:
       Unsolved.


Vanquished creatures:
  2 wargs
  4 small mimics
  a freezing sphere
  a flaming sphere
  a tengu
  2 stone giants
 an elf mummy
  a wraith
  7 soldiers
  2 giant beetles
  2 quivering blobs
  2 wolves
  2 winter wolf cubs
  a gremlin
  2 spotted jellies
 29 leprechauns
 an orc-captain
  2 iron piercers
  a scorpion
  a horse
  a black light
  2 vampire bats
 an orc mummy
  2 dwarf mummies
  a brown pudding
  a yeti
  a werewolf
  3 lizards
  2 dogs
  a housecat
  2 blue jellies
  a white unicorn
  2 dust vortices
  a raven
  a gnome mummy
  3 snakes
  a human zombie
  a rope golem
  a Woodland-elf
  a soldier ant
  5 wood nymphs
  a water nymph
 14 Mordor orcs
 20 Uruk-hai
  4 rock piercers
  a rock mole
  3 ponies
  a fog cloud
  2 yellow lights
  a violet fungus
 11 gnome leaders
  2 gnomish wizards
  a kobold mummy
  a red naga hatchling
  3 guardian naga hatchlings
  a gray ooze
  3 elf zombies
  2 paper golems
  a giant ant
  a little dog
  3 floating eyes
  3 kittens
 10 dwarves
  a homunculus
  2 kobold leaders
  2 kobold shamans
 13 hill orcs
 13 rothes
  a rabid rat
  3 giant bats
  2 monkeys
  3 orc zombies
  a wererat
  7 iguanas
 an acid blob
  6 coyotes
  4 gas spores
  3 hobbits
  4 manes
  a large kobold
  4 hobgoblins
  a giant rat
  3 brown molds
  2 yellow molds
 46 gnomes
 18 garter snakes
  2 gnome zombies
  8 geckos
  9 jackals
  a fox
  3 kobolds
  6 goblins
  7 sewer rats
  8 grid bugs
  a bat
 11 lichens
  2 kobold zombies
  9 newts
396 creatures vanquished.

No species were genocided or became extinct.

Game over:
                       ----------
                      /          \
                     /    REST    \
                    /      IN      \
                   /     PEACE      \
                  /                  \
                  |     Eymerich     |
                  |      105 Au      |
                  |   killed by a    |
                  |     gargoyle     |
                  |                  |
                  |                  |
                  |       2026       |
                 *|     *  *  *      | *
        _________)/\\_//(\/(/\)/\//\/|_)_______

Goodbye Eymerich the Priest...

You died in The Gnomish Mines on dungeon level 8 with 20527 points,
and 105 pieces of gold, after 14667 moves.
You were level 9 with a maximum of 79 hit points when you died.

